 Dungeon Crawl Stone Soup version 0.30-a0-715-gdb4ae3ece1 (webtiles) character file.

Game seed: 17013962865378026622

125 toympanos the Covered (level 4, -3/41 HPs)
             Began as a Minotaur Fighter on Jan 24, 2023.
             Killed from afar by an orc wizard (6 damage)
             ... with a puff of flame
             ... on level 3 of the Dungeon.
             The game lasted 00:07:46 (1074 turns).

toympanos the Covered (Minotaur Fighter)            Turns: 1074, Time: 00:07:47

Health: -3/41      AC:  7    Str: 23    XL:     4   Next: 82%
Magic:  3/3        EV:  9    Int:  5    God:
Gold:   88         SH:  0    Dex:  9    Spells: 3/3 levels left

rFire   . . .      SeeInvis .    a - +0 war axe
rCold   . . .      Faith    .    c - +0 buckler
rNeg    . . .      Spirit   .    b - +0 scale mail
rPois   .          Reflect  .    (helmet restricted)
rElec   .          Harm     .    (no cloak)
rCorr   .          Rampage  .    (no gloves)
Will    .....                    (no boots) Stlth
                                 (no amulet)
HPRegen 0.26/turn                (no ring)
MPRegen 0.08/turn                (no ring)

@: confused
A: horns 2, retaliatory headbutt
a: no special abilities


You were on level 3 of the Dungeon.
You visited 1 branch of the dungeon, and saw 3 of its levels.

You collected 88 gold pieces.

Inventory:

Hand Weapons
 a - a +0 war axe (weapon)
 h - a +0 mace
Armour
 b - a +0 scale mail (worn)
 c - a +0 buckler (worn)
Scrolls
 e - 2 scrolls of identify {unknown}
 g - a scroll of silence {unknown}
 m - a scroll of amnesia {unknown}
Potions
 d - 2 potions of might
 f - a potion of invisibility {unknown}
 i - a potion of curing {unknown}
 j - a potion of flight {unknown}
 k - a potion of magic {unknown}
 l - a potion of resistance {unknown}


   Skills:
 + Level 4.4 Fighting
 + Level 3.8 Axes
 + Level 4.7 Armour
 + Level 0.4 Dodging
 + Level 4.3 Shields


You had 3 spell levels left.
You didn't know any spells.
Your spell library was empty.

Dungeon Overview and Level Annotations

Branches:
Dungeon (3/15)

Altars:

Annotations:
D:3 Grinder


Innate Abilities, Weirdness & Mutations

You have a pair of horns on your head.
You reflexively headbutt those who attack you in melee.


Message History

You suddenly lose the ability to move!
Something hits you but does no damage. The orc hits you but does no damage.
Grinder blinks!
The orc wizard mumbles some strange words.
The orc wizard flickers and vanishes!
Something hits you. Something hits you but does no damage.
The orc hits you with a +0 war axe.
You can move again.
Unknown command.
You barely miss the orc. Your headbutt misses the orc.
You closely miss something. You slash Grinder! You closely miss something.
Grinder hits you but does no damage. Something hits you but does no damage.
Something hits you. The orc hits you with a +0 war axe.
You hit the orc.
The orc is moderately wounded.
You slash something!
Reactivating autopickup.
You feel a bit more experienced.
You hit Grinder but do no damage. You miss something. Grinder hits you.
You writhe in agony.
* * * LOW HITPOINT WARNING * * *
Something hits you but does no damage.
Deactivating autopickup; reactivate with Ctrl-A.
The orc hits you but does no damage.
You slash the orc!
You kill the orc!
You closely miss Grinder. You closely miss something. Grinder hits you.
* * * LOW HITPOINT WARNING * * *
You writhe in agony.
* * * LOW HITPOINT WARNING * * *
Something hits you but does no damage. Grinder hits you.
* * * LOW HITPOINT WARNING * * *
Something hits you but does no damage.
You hear some strange, mumbled words.
You are confused.
The orc hits you but does no damage.
Grinder blinks!
Things that are here:
a +0 war axe; an orc corpse You hear some strange, mumbled words.
A puff of flame appears from out of thin air!
The puff of flame hits you.
You die...

#.# #)# #.# # # #.#
.##.# #.# ## #.#.# #.#
.. #... #.# #.###.# #.#
.##...@.### #.#
.$.....{)..## #.#
#.##.#o#.)..#########.#
# #.#.ยง...5........#
#.#....###########
..#.##.# ###.##.#
#.##$. #.###..


You could see Grinder and an orc.

Vanquished Creatures
  Natasha (twice) (D:2)
  An orc wizard (D:3)
  An adder (D:2)
  A worm (D:2)
  2 dart slugs (D:1)
  2 orcs (D:3)
  3 endoplasms
  2 giant cockroaches (D:2)
  2 hobgoblins
  3 jackals (D:2)
  A kobold (D:2)
  A quokka (D:1)
  2 ball pythons (D:1)
  3 bats
  3 frilled lizards
  2 goblins (D:1)
  5 rats
36 creatures vanquished.

Vanquished Creatures (others)
  A ball python (D:3)
  9 plants (D:2)
  6 withered plants (D:2)
16 creatures vanquished.

Grand Total: 52 creatures vanquished

Notes
Turn   | Place    | Note
-------+----------+-------------------------------------------
     0 | D:1      | toympanos the Minotaur Fighter began the quest for the Orb.
     0 | D:1      | Reached XP level 1. HP: 19/19 MP: 0/0
   236 | D:1      | Reached XP level 2. HP: 26/27 MP: 1/1
   641 | D:2      | Reached XP level 3. HP: 33/33 MP: 2/2
   736 | D:2      | Noticed Natasha
   742 | D:2      | Killed Natasha
   827 | D:2      | Found a faded altar of an unknown god.
   885 | D:2      | Reached XP level 4. HP: 40/40 MP: 3/3
   898 | D:2      | Noticed Natasha
   906 | D:2      | Killed Natasha
  1055 | D:3      | Noticed Grinder
  1066 | D:3      | Paralysed by Grinder for 4 turns
  1074 | D:3      | Killed from afar by an orc wizard

Illustrated notes

Levels and vault maps discovered:
D:1:      ebering_trefoil_twist, layout_basic
D:2:      layout_loops_ring, shapermc_ecumenical_altar_flowoftime,
          chequers_serial_rivers_small_a, uniq_natasha, uniq_robin
D:3:      layout_loops_ring, nicolae_qazlal_style_of_elements,
          lemuel_blue_sif_altar, kennysheep_crisscross, grunt_ministairs_5,
          uniq_grinder

Skill      XL: |  1  2  3 |
---------------+----------+-----
Armour         | 4 |  4.7
Fighting       | 4 |  4.4
Shields        | 4 |  4.3
Axes           | 3 |  3.8
Dodging        | |  0.4

Action                     |  1- 3 |  4- 6 || total
---------------------------+-------+-------++-------
  Melee: War axe           |    90 |    19 ||   109
         Headbutt          |    14 |     2 ||    16
 Armour: Scale mail        |    41 |    20 ||    61
  Dodge: Dodged            |    38 |    14 ||    52
  Block: Buckler           |    29 |     8 ||    37

Table legend: (Time is in decaauts)
 A = Elapsed time spent in this place.
 B = Non-inter-level travel time spent in this place.
 C = Inter-level travel time spent in this place.
 D = Time resting spent in this place.
 E = Time spent auto-exploring this place.
 F = Levels seen in this place.
 G = Mean time per level.
                   A        B        C        D        E       F      G
               +--------+--------+--------+--------+--------+-----+--------+
         Total |   1137 |   1137 |      0 |      0 |      0 |   3 |  379.0 |
       Dungeon |   1137 |   1137 |      0 |      0 |      0 |   3 |  379.0 |
               +--------+--------+--------+--------+--------+-----+--------+

Top non-repeatable levels by time:
     D:1: 599 daAuts
     D:2: 431 daAuts
     D:3: 107 daAuts
